Map: Orbital Shipyard

Players

Raguel - Winner!

  • Race: Zerg Zerg
  • League: Diamond

Kronos

  • Race: Zerg Zerg
  • League: Diamond

VOD

Have the link to the VOD?

Description

Time

  • Played on: Feb. 19, 2016, 3:57 p.m.
  • Length: 17:58
Show
View Real Time Build Order
Export as new Build Order

Raguel Zerg - Winner!

Build Orders: Hatch First 

Get SALT Encoding   

  12  0:01  Drone  
  13  0:13  Drone  
  14  0:17  Overlord  
  14  0:35  Drone x2  
  16  0:36  Drone  
  17  0:56  Hatchery  
  16  1:00  Drone  
  17  1:12  Spawning Pool  
  17  1:14  Extractor, Drone  
  17  1:17  Drone  
  17  1:21  Drone  
  18  1:43  Drone  
  18  1:44  Overlord  
  19  1:59  Queen  
  22  2:01  Spine Crawler, Zergling x2  
  22  2:03  Zergling x2  
  22  2:11  Baneling Nest  
  22  2:14  Zergling x4  
  23  2:28  Queen  
  23  2:29  Zergling x2  
  26  3:00  Baneling x4  
  26  3:01  Baneling  
  26  3:05  Baneling  
  25  3:22  Zergling x8  
  25  3:26  Queen  
  31  3:28  Drone x3  
  31  3:33  Zergling x4  
  34  3:43  Lair  
  34  3:46  Drone x2  
  36  3:55  Overlord  
  36  3:56  Overlord  
  36  4:12  Extractor  
  36  4:13  Drone  
  36  4:14  Extractor x2, Drone x4  
  39  4:17  Drone  
  39  4:28  Drone x3  
  42  4:39  Drone x2  
  44  4:48  Spire  
  43  4:57  Drone x5  
  48  5:02  Drone x2  
  48  5:03  Drone  
  51  5:13  Metabolic Boost  
  51  5:15  Drone  
  52  5:34  Overlord x2  
  52  5:54  Drone x7  
  52  5:55  Hatchery  
  58  5:58  Drone x4  
  62  6:22  Zerg Flyer Armor Level 1  
  62  6:23  Mutalisk x3  
  62  6:25  Overlord x2  
  68  6:31  Spore Crawler  
  67  6:32  Spore Crawler  
  66  6:43  Mutalisk  
  66  6:45  Overlord x3  
  67  7:05  Mutalisk  
  67  7:06  Mutalisk x6  
  81  7:10  Mutalisk  
  83  7:19  Drone x5  
  86  7:42  Spore Crawler, Drone x5  
  90  7:57  Overlord  
  90  7:58  Overlord x4  
  90  8:01  Extractor  
  89  8:06  Extractor  
  89  8:10  Mutalisk  
  90  8:18  Drone x6  
  90  8:19  Drone x4  
  100  8:23  Queen x3  
  106  8:33  Evolution Chamber  
  106  8:34  Mutalisk x5  
  105  8:37  Evolution Chamber, Spore Crawler  
  113  8:57  Drone x14  
  127  9:06  Roach Warren  
  127  9:07  Zerg Missile Weapons Level 1, Zerg Ground Armor Level 1  
  124  9:46  Glial Reconstitution  
  114  10:01  Mutalisk x8  
  114  10:03  Hydralisk Den  
  129  10:13  Overlord x3  
  129  10:14  Overlord x3  
  129  10:24  Hatchery  
  129  10:25  Centrifical Hooks  
  128  10:30  Zerg Flyer Weapons Level 1  
  128  10:34  Zergling x24  
  128  10:35  Zergling x10  
  145  10:41  Roach  
  120  10:50  Roach x10  
  121  11:01  Zerg Melee Weapons Level 1  
  116  11:05  Queen x3  
  118  11:20  Hydralisk x11  
  140  11:32  Hydralisk x4  
  133  11:40  Queen x2  
  129  11:52  Drone x4  
  129  11:53  Drone x7  
  135  12:09  Spore Crawler  
  135  12:11  Spore Crawler  
  135  12:15  Muscular Augments  
  132  12:17  Extractor  
  132  12:22  Extractor  
  130  12:25  Spore Crawler  
  130  12:29  Spore Crawler x2  
  124  12:35  Roach  
  124  12:36  Roach x9  
  137  12:42  Roach x4  
  145  12:51  Zerg Missile Weapons Level 2  
  145  12:55  Drone x4, Zerg Ground Armor Level 2  
  149  13:12  Spore Crawler  
  148  13:14  Spore Crawler  
  143  13:30  Hydralisk x5  
  151  13:49  Drone  
  151  13:50  Drone x7  
  159  14:01  Drone  
  159  14:02  Drone x4  
  140  14:15  Zergling x12  
  134  14:22  Hydralisk  
  134  14:23  Hydralisk  
  124  14:37  Hydralisk x3  
  128  15:03  Hydralisk x7  
  114  15:21  Spore Crawler  
  114  15:23  Spore Crawler x2  
  111  15:29  Hydralisk  
  111  15:30  Hydralisk  
  113  15:46  Hydralisk x3  
  113  15:59  Hydralisk x2  
  109  16:13  Roach x3  
  107  16:22  Overseer  
  107  16:37  Hatchery  
  103  17:19  Spawning Pool  
  101  17:24  Hydralisk Den  
  96  17:57  Infestation Pit  
Show
View Real Time Build Order
Export as new Build Order

Kronos Zerg 

Build Orders: Pool First, Zergling Baneling 

Get SALT Encoding   

  12  0:02  Drone  
  13  0:08  Drone  
  14  0:25  Spawning Pool  
  13  0:29  Drone  
  13  0:33  Extractor  
  13  0:35  Drone  
  14  0:44  Overlord  
  14  0:56  Extractor  
  14  0:57  Drone  
  15  1:12  Queen  
  15  1:18  Zergling x6  
  20  1:34  Metabolic Boost  
  20  1:38  Drone  
  21  1:42  Overlord  
  21  1:53  Drone  
  22  1:59  Baneling Nest  
  21  2:02  Drone  
  22  2:24  Zergling x8  
  26  2:45  Zergling x4  
  28  2:52  Overlord  
  28  2:57  Baneling  
  28  2:58  Baneling x4  
  28  3:00  Baneling  
  28  3:10  Hatchery  
  27  3:15  Drone x3  
  29  3:34  Lair, Drone  
  28  3:42  Drone x3  
  28  3:43  Extractor  
  30  4:23  Queen  
  31  4:32  Spire  
  31  4:34  Baneling x2  
  31  4:37  Drone x3  
  31  4:38  Zergling x4, Drone x2  
  37  4:56  Extractor  
  37  4:57  Drone x3  
  37  4:59  Drone x2  
  41  5:00  Extractor  
  40  5:15  Overseer  
  40  5:30  Overlord  
  40  5:31  Overlord  
  40  5:32  Drone x2  
  42  5:44  Mutalisk, Zerg Flyer Armor Level 1  
  42  5:49  Mutalisk x2  
  44  5:51  Drone  
  44  5:54  Mutalisk  
  51  6:00  Drone x2  
  53  6:06  Mutalisk  
  53  6:11  Drone x3  
  58  6:16  Overlord  
  58  6:25  Mutalisk  
  60  6:41  Mutalisk  
  60  6:45  Mutalisk  
  64  6:47  Hatchery  
  63  6:54  Drone  
  63  6:55  Overlord, Drone x2  
  66  7:02  Mutalisk  
  68  7:21  Mutalisk x3  
  68  7:22  Mutalisk  
  76  7:32  Overlord x2  
  75  7:41  Zerg Flyer Weapons Level 1  
  75  7:43  Overlord  
  75  7:46  Overlord x2  
  75  7:51  Hydralisk Den  
  75  7:55  Mutalisk x2  
  78  7:58  Queen  
  78  7:59  Drone  
  78  8:00  Drone  
  82  8:08  Mutalisk  
  84  8:13  Drone  
  84  8:14  Drone x2  
  87  8:23  Muscular Augments  
  87  8:28  Hydralisk x2  
  91  8:35  Drone x3  
  91  8:39  Hydralisk x2  
  98  8:48  Hydralisk x2  
  98  8:52  Drone  
  102  8:59  Drone x3  
  102  9:02  Overlord, Extractor  
  105  9:03  Extractor  
  103  9:13  Hydralisk  
  103  9:16  Overlord  
  105  9:21  Hydralisk x4  
  113  9:27  Overlord  
  113  9:28  Overlord x2  
  113  9:36  Lurker Den  
  99  9:55  Mutalisk x2  
  99  9:56  Mutalisk x2  
  99  9:58  Zergling x6  
  110  10:05  Drone x2  
  112  10:17  Zerg Flyer Armor Level 2  
  112  10:21  Baneling  
  112  10:22  Baneling  
  112  10:26  Drone x2  
  91  11:02  Drone  
  91  11:03  Drone x2  
  82  11:15  Infestation Pit  
  82  11:16  Overlord  
  81  11:24  Mutalisk x3  
  81  11:25  Mutalisk x3  
  91  11:28  Zergling x2  
  91  11:29  Zergling x8  
  84  11:55  Pathogen Glands  
  84  11:57  Drone  
  84  11:58  Drone x6  
  91  12:10  Drone x4  
  95  12:16  Infestor  
  95  12:17  Infestor  
  97  12:38  Zerg Flyer Weapons Level 2  
  97  12:44  Drone x4  
  101  12:52  Mutalisk x2  
  101  12:53  Mutalisk x3  
  101  12:55  Infestor x2  
  101  12:58  Zergling x6  
  115  13:10  Mutalisk x3  
  119  13:20  Zergling x6  
  118  13:34  Hive  
  115  13:45  Zergling x10  
  115  13:46  Zergling x6  
  112  13:52  Zergling x4  
  95  14:07  Zergling x6  
  84  14:19  Evolution Chamber  
  84  14:20  Evolution Chamber  
  84  14:23  Zergling x8  
  84  14:24  Zergling x2  
  81  14:34  Hatchery  
  81  14:37  Infestor x2  
  81  15:07  Ultralisk Cavern  
  71  15:13  Zergling x10  
  62  15:24  Drone  
  55  15:48  Drone x5  
  44  16:16  Drone  
  45  16:32  Drone  
  46  16:41  Drone x2  
  48  16:56  Drone x2  
  50  17:17  Drone x3  
Tags
 
Add a new tag
Caveats
  • Supply blocks, unpowered buildings, or Contaminate may cause inaccurate times.
  • Supply counts are checked every 10 seconds.